AoeStats
← camus

Arabian Desert

516886378Analyzed
1v1 RM · 9d ago on Oct 28, 2026· 47m 27s· 2 players
Game mode
Random Map
Map size
Tiny (2 player)
Population
200
Speed
Normal
Resources
Standard
Victory
Conquest
Starting age
Dark Age
Ending age
Imperial Age
RankedLock teamsTeams togetherTeam positionsShared explorationLock speedFull tech treeHidden civsTurbo modeCheats
Victory
Defeat
🇦🇷 Malay · Argentina
1373
+17
vs
🇧🇷 Magyars · Brazil
1392
-17
camus
9:28 Loom
14:31 Feudal Age
14:09 Double-Bit Axe
18:19 Fletching
20:59 Padded Archer Armor
25:02 Castle Age
23:33 Gold Mining
24:34 Bodkin Arrow
24:27 Crossbowman
25:43 Town Watch
30:04 Bow Saw
31:29 Horse Collar
31:40 Stone Mining
32:21 Ballistics
36:16 Wheelbarrow
40:19 Imperial Age
38:32 Gold Shaft Mining
39:22 Arbalester
40:03 Bracer
40:25 Thumb Ring
41:27 Chemistry
43:13 Conscription
43:34 Leather Archer Armor
46:54 Forging
46:56 Squires
48:18 Iron Casting
47:26 Elite Karambit Warrior
Karamazov
5:51 Loom
8:56 Feudal Age
9:33 Double-Bit Axe
23:26 Castle Age
23:34 Bloodlines
23:17 Gold Mining
23:59 Scale Barding Armor
24:29 Bow Saw
26:02 Fletching
27:25 Padded Archer Armor
31:35 Horse Collar
36:55 Chain Barding Armor
38:19 Wheelbarrow
39:39 Husbandry
44:56 Imperial Age
42:55 Leather Archer Armor
42:24 Elite Skirmisher
43:52 Bodkin Arrow
44:41 Ballistics
45:39 Bracer
46:13 Conscription
47:46 Ring Archer Armor
Connection lost

Rejoining the realm…

Still unreachable

The connection could not be restored.

Session expired

The server has moved on; the page needs a fresh start.